[Event "*** SCC Grand Prix: Titled Tuesday Blitz"]
[Site "Chess.com"]
[Date "2020.06.09"]
[Round "2"]
[White "Maghalashvili"]
[Black "NateSolon"]
[Result "1-0"]
[WhiteElo "2766"]
[BlackElo "2518"]
[TimeControl "180+1"]
[EndTime "9:17:21 PDT"]
[Termination "Maghalashvili won by checkmate"]

1. Nf3 d5 2. g3 c6 3. Bg2 Bg4 4. O-O e6 5. c4 Nf6 6. h3 Bh5 7. d4 Nbd7 8. cxd5 exd5 9. Qb3 Qb6 10. Qe3+ Be7 11. Nh4 Bg6 12. Nc3 Kf8 13. Nxg6+ hxg6 14. Qd3 Re8 15. Rb1 a5 16. a3 Qa7 17. b4 axb4 18.
axb4 b5 19. e4 dxe4 20. Nxe4 Nd5 21. Nc5 N7b6 22. Re1 g5 23. Qf5 g6 24. Qe5 Rh5 25. Bxd5 Nxd5 26. Bxg5 f6 27. Qe6 Rxg5 28. h4 Rf5 29. Ra1 Qc7 30. Qxd5 cxd5 31. Ne6+ Kf7 32. Nxc7 Rc8 33. Nxb5 Rb8 34. Ra7 Rxb5 35. Raxe7+ Kg8 36. Re8+ Kg7 37. R1e7+ Kh6 38. Rh8# 1-0

[Event "*** SCC Grand Prix: Titled Tuesday Blitz"]
[Site "Chess.com"]
[Date "2020.06.09"]
[Round "2"]
[White "kran900"]
[Black "quesfr"]
[Result "1/2-1/2"]
[WhiteElo "2455"]
[BlackElo "2257"]
[TimeControl "180+1"]
[EndTime "9:17:21 PDT"]
[Termination "Game drawn by repetition"]

1. e4 c5 2. Nf3 d6 3. d4 cxd4 4. Nxd4 Nf6 5. Nc3 g6 6. f3 Bg7 7. Be3 O-O 8. Bc4 Nc6 9. Qd2 Bd7 10. O-O-O Qc7 11. Bb3 Na5 12. h4 Nc4 13. Bxc4 Qxc4 14. h5 b5 15. Kb1 b4 16. Nce2 Rac8 17. Bh6 Bxh6 18. Qxh6 e5 19. Qg5 Ne8 20. hxg6 fxg6 21.
Rxh7 Kxh7 22. Rh1+ Kg7 23. Qh6+ Kf7 24. b3 Qc7 25.
Qh7+ Ng7 26. Rh6 exd4 27. Qxg6+ Kg8 28. Qh7+ Kf7 29. Qg6+ Kg8 30. Qh7+ Kf7 31. Qg6+ 1/2-1/2

[Event "*** SCC Grand Prix: Titled Tuesday Blitz"]
[Site "Chess.com"]
[Date "2020.06.09"]
[Round "2"]
[White "esrosenberg"]
[Black "Treacherous_horse64"]
[Result "0-1"]
[WhiteElo "2219"]
[BlackElo "2446"]
[TimeControl "180+1"]
[EndTime "9:17:21 PDT"]
[Termination "Treacherous_horse64 won on time"]

1. Nf3 Nf6 2. c4 e6 3. Nc3 d5 4. d4 dxc4 5. e3 a6 6. Bxc4 b5 7. Be2 Bb7 8. O-O Nbd7 9. a3 c5 10. b3 Be7 11. Bb2 O-O 12. Re1 Qb6 13. Rc1 Rac8 14.
h3 Rfd8 15. Rc2 Nf8 16. Qa1 cxd4 17. exd4 Ng6 18. d5 exd5 19. Bd3 d4 20. Bxg6 hxg6 21. Rxe7 Bxf3 22. gxf3 dxc3 23. Rxc3 Rxc3 24. Bxc3 Qc6 25. Bxf6 Qxf3 26. Bd4 Qd3 27. Be3 Qxb3 28. Qe5 Qb1+ 29.
Kg2 Rd1 30. Re8+ Kh7 0-1

[Event "*** SCC Grand Prix: Titled Tuesday Blitz"]
[Site "Chess.com"]
[Date "2020.06.09"]
[Round "2"]
[White "Khvicha_Supatashvili"]
[Black "amiralfio"]
[Result "1-0"]
[WhiteElo "2713"]
[BlackElo "2377"]
[TimeControl "180+1"]
[EndTime "9:17:22 PDT"]
[Termination "Khvicha_Supatashvili won by resignation"]

1. d4 f5 2. Nc3 Nf6 3. Bg5 g6 4. Bxf6 exf6 5. e3 Be7 6. h4 d5 7. h5 g5 8. Bd3 Be6 9. Qf3 Qd7 10.
Nge2 Nc6 11. a3 Bd6 12. Nb5 O-O-O 13. Nxd6+ cxd6 14. c3 Kb8 15. O-O-O Rc8 16. Kb1 Rhe8 17. Ng3 f4 18. exf4 Bg4 19. Qxd5 Bxd1 20. Rxd1 gxf4 21. Ne4 f5 22. Nf6 Qe6 23. Qxe6 Rxe6 24. Nxh7 Ne7 25. Ng5 Rh6 26. Be2 Kc7 27. Bf3 Rg8 28. Nh3 Kd7 29.
Nxf4 Rh7 30. Bxb7 Ke8 31. Bf3 Rg5 32. Re1 Kd8 33. Ne6+ 1-0

[Event "*** SCC Grand Prix: Titled Tuesday Blitz"]
[Site "Chess.com"]
[Date "2020.06.09"]
[Round "2"]
[White "SiddharthGMJagadeesh"]
[Black "julinha97"]
[Result "1/2-1/2"]
[WhiteElo "2420"]
[BlackElo "2147"]
[TimeControl "180+1"]
[EndTime "9:17:22 PDT"]
[Termination "Game drawn by agreement"]

1. d4 Nf6 2. Nf3 g6 3. g3 Bg7 4. Bg2 d6 5. O-O O-O 6. a4 a5 7. Nc3 Nc6 8. e4 Bg4 9. Be3 Nd7 10. h3 Bxf3 11. Bxf3 e5 12. d5 Nd4 13. Bg2 c5 14.
Nb5 Nxb5 15. axb5 a4 16. c4 Nb6 17. Qe2 f5 18. exf5 gxf5 19. f4 e4 20. Rf2 Bd4 21. Rd1 Qf6 22. Kh2 a3 23. bxa3 Rxa3 24. Bxd4 cxd4 25.
Qb2 Nxc4 26. Qxd4 Qxd4 27. Rxd4 Ne3 28. g4 Rd3 29. Rxd3 exd3 30. Rd2 fxg4 31. Rxd3 Nxg2 32. Kxg2 gxh3+ 33. Kxh3 Rxf4 34. Rc3 Rd4 35. Rc8+ Kg7 36. Rc7+ Kg6 37. Rxb7 Rxd5 38. b6 Rb5 39. Rb8 Rb4 40.
b7 Kg7 41. Kg3 h5 42. Rd8 Rxb7 43. Rxd6 Rb4 44. Rd5 Kg6 45. Rd6+ Kg5 46. Rd5+ Kg6 47. Ra5 Rb3+ 48. Kh4 Rb4+ 49. Kg3 1/2-1/2

[Event "*** SCC Grand Prix: Titled Tuesday Blitz"]
[Site "Chess.com"]
[Date "2020.06.09"]
[Round "2"]
[White "MisiekZielony"]
[Black "djano"]
[Result "0-1"]
[WhiteElo "2112"]
[BlackElo "2413"]
[TimeControl "180+1"]
[EndTime "9:17:23 PDT"]
[Termination "djano won on time"]

1. c4 g6 2. Nc3 Bg7 3. g3 Nf6 4. Bg2 O-O 5. e4 d6 6. Nge2 c5 7. O-O Nc6 8. d3 Nd4 9. Nxd4 cxd4 10. Ne2 e5 11. h3 Nd7 12. f4 f5 13. Rb1 Kh8 14. b4 a5 15. a3 axb4 16. axb4 fxe4 17. Bxe4 Nf6 18. Bg2 Qe7 19. Bd2 e4 20. Nxd4 Nh5 21.
Nb3 exd3 22. Kh2 Ra2 23. Re1 Qc7 24. Rc1 Bd7 25. Bc3 Bc6 26. Nd2 Rfa8 27. Re3 Qb6 28. Bxg7+ Nxg7 29. Qe1 Nf5 30. Re8+ Rxe8 0-1

[Event "*** SCC Grand Prix: Titled Tuesday Blitz"]
[Site "Chess.com"]
[Date "2020.06.09"]
[Round "2"]
[White "Jbd735"]
[Black "allvim"]
[Result "1-0"]
[WhiteElo "2442"]
[BlackElo "2212"]
[TimeControl "180+1"]
[EndTime "9:17:24 PDT"]
[Termination "Jbd735 won by resignation"]

1. e4 c5 2. Nf3 d6 3. d4 cxd4 4. Nxd4 Nf6 5. Nc3 a6 6. Bg5 e6 7. f4 Be7 8. Qe2 Qc7 9. O-O-O Nc6 10. Nxc6 Qxc6 11. e5 dxe5 12. fxe5 Nd5 13. Bxe7 Nxe7 14. Qh5 b5 15. Bd3 Bb7 16. Be4 Qc7 17. Rhf1 g6 18. Qf3 O-O 19. Bxb7 Rab8 20. Be4 Qxe5 21. Rfe1 Qc7 22. h4 b4 23. Ne2 Rfc8 24. Kb1 a5 25. h5 a4 26. Qf6 gxh5 27. Rh1 b3 28. Bxh7+ Kf8 1-0

[Event "*** SCC Grand Prix: Titled Tuesday Blitz"]
[Site "Chess.com"]
[Date "2020.06.09"]
[Round "2"]
[White "Vaathi_Coming"]
[Black "Lion-Al-Messi"]
[Result "0-1"]
[WhiteElo "2832"]
[BlackElo "2391"]
[TimeControl "180+1"]
[EndTime "9:17:25 PDT"]
[Termination "Lion-Al-Messi won by resignation"]

1. e4 e6 2. d4 d5 3. Nc3 Nf6 4. e5 Nfd7 5. f4 c5 6. Nf3 Nc6 7. Be3 a6 8. Qd2 b5 9. dxc5 Bxc5 10. Bd3 Qb6 11. Bf2 Bb7 12. O-O Bxf2+ 13. Rxf2 Nc5 14. Qe3 d4 15. Nxd4 Nxd3 16. Qxd3 Qxd4 17. Qg3 O-O-O 18.
a3 Rhg8 19. h4 Ne7 20. Rd1 Qb6 21. Rd3 Nf5 22. Qh3 h5 23. b4 Rxd3 24. cxd3 Rd8 25. Ne2 Nh6 26. d4 Rxd4 27. Nxd4 Qxd4 0-1

[Event "*** SCC Grand Prix: Titled Tuesday Blitz"]
[Site "Chess.com"]
[Date "2020.06.09"]
[Round "2"]
[White "killer311"]
[Black "mamonika"]
[Result "1-0"]
[WhiteElo "2386"]
[BlackElo "1932"]
[TimeControl "180+1"]
[EndTime "9:17:25 PDT"]
[Termination "killer311 won on time"]

1. d4 Nf6 2. c4 d6 3. Nc3 Nbd7 4. g3 e5 5. Bg2 g6 6. Nf3 Bg7 7. dxe5 dxe5 8. O-O O-O 9. b3 c6 10. Bb2 Qc7 11.
Qd2 Nc5 12. Rad1 Bg4 13. Nxe5 Qxe5 14. Nd5 Qxe2 15. Nxf6+ Bxf6 16. Bxf6 Qe6 17. Qd4 Bxd1 18. Rxd1 Rfe8 19. Bf3 Nd7 20. Bh8 Ne5 21. Bxe5 Qxe5 22. Qh4 Qf5 23. Kg2 Re6 24. Rd2 Qf6 25. Qg4 Rae8 26.
Rd7 1-0

[Event "*** SCC Grand Prix: Titled Tuesday Blitz"]
[Site "Chess.com"]
[Date "2020.06.09"]
[Round "2"]
[White "Gordima"]
[Black "ShahMatKanal"]
[Result "1-0"]
[WhiteElo "2725"]
[BlackElo "2477"]
[TimeControl "180+1"]
[EndTime "9:17:27 PDT"]
[Termination "Gordima won by resignation"]

1. d4 d5 2. c4 e6 3. Nc3 Nf6 4. cxd5 exd5 5. Bg5 c6 6. e3 Be7 7. Bd3 O-O 8. Qc2 Nbd7 9. Nf3 h6 10. Bh4 Nh5 11.
Bxe7 Qxe7 12. g4 Nhf6 13. g5 hxg5 14. Nxg5 Nh5 15. Rg1 Ndf6 16. Be2 g6 17. Bd3 Nf4 18. O-O-O Nxd3+ 19. Qxd3 Bf5 20. Qe2 Kg7 21. Qf3 Rh8 22. Rg2 Ne4 23. Rdg1 Nxg5 24. Rxg5 Be4 25. Qg3 Rh6 26. f3 Bd3 27. Kd2 Re8 28. Re5 Qd7 29. Rxe8 Qxe8 30. Kxd3 Rh5 31. Qf4 c5 32. dxc5 b6 33.
Qd4+ Kg8 34. Nxd5 Rxh2 35. Nf6+ 1-0

[Event "*** SCC Grand Prix: Titled Tuesday Blitz"]
[Site "Chess.com"]
[Date "2020.06.09"]
[Round "2"]
[White "martabartel"]
[Black "AndrewMaco"]
[Result "0-1"]
[WhiteElo "2330"]
[BlackElo "2667"]
[TimeControl "180+1"]
[EndTime "9:17:27 PDT"]
[Termination "AndrewMaco won on time"]

1. d4 Nf6 2. c4 e6 3. Nf3 d6 4.
Nc3 b6 5. Bg5 Bb7 6. e3 Nbd7 7.
Be2 h6 8. Bh4 g5 9. Bg3 Nh5 10.
Qc2 Bg7 11. O-O Qe7 12. Nd2 Nxg3 13. hxg3 O-O 14. b4 c5 15. bxc5 bxc5 16. d5 exd5 17. cxd5 Nb6 18. e4 f5 19. exf5 Bxc3 20. Qxc3 Qxe2 21.
Rfe1 Qg4 22. Re7 Rf7 23. Rae1 Qxf5 24. Re8+ Rxe8 25. Rxe8+ Rf8 26. Re7 Rf7 27. Re8+ Kh7 28. Rh8+ Kg6 29. Rg8+ Kh5 30. g4+ Qxg4 31. Nf3 Bxd5 32.
Rxg5+ hxg5 33. Qh8+ Kg6 34. Qg8+ Rg7 35. Qe8+ Bf7 36.
Qe7 Qf4 0-1

[Event "*** SCC Grand Prix: Titled Tuesday Blitz"]
[Site "Chess.com"]
[Date "2020.06.09"]
[Round "2"]
[White "Unknown_IM"]
[Black "publicaccountcze"]
[Result "1-0"]
[WhiteElo "2465"]
[BlackElo "2259"]
[TimeControl "180+1"]
[EndTime "9:17:27 PDT"]
[Termination "Unknown_IM won by checkmate"]

1. e4 e6 2. d4 d5 3. e5 c5 4. c3 Nc6 5. Nf3 Qb6 6. a3 Nh6 7. b4 cxd4 8. Bxh6 gxh6 9. cxd4 Bg7 10. Nc3 O-O 11. Na4 Qd8 12. Bd3 f6 13. exf6 Qxf6 14. O-O e5 15. dxe5 Nxe5 16. Nxe5 Qxe5 17. Rc1 Bf5 18.
Bxf5 Qxf5 19. Qb3 Rad8 20. Rcd1 Kh8 21. Rd3 Qg5 22. Rg3 Qh5 23. Nc5 Rde8 24. Rd3 Be5 25. h3 Qe2 26. Qxd5 Bh2+ 27. Kxh2 Qxf1 28. Qd4+ Kg8 29.
Rg3+ Kf7 30. Rg7# 1-0

[Event "*** SCC Grand Prix: Titled Tuesday Blitz"]
[Site "Chess.com"]
[Date "2020.06.09"]
[Round "2"]
[White "MathiasWomacka"]
[Black "harkerchess"]
[Result "1-0"]
[WhiteElo "2401"]
[BlackElo "2013"]
[TimeControl "180+1"]
[EndTime "9:17:27 PDT"]
[Termination "MathiasWomacka won by resignation"]

1. e4 e5 2. Nf3 Nc6 3. Bb5 a6 4. Bxc6 dxc6 5. O-O f6 6. d4 exd4 7. Nxd4 c5 8. Ne2 Qxd1 9. Rxd1 Bd7 10. Nbc3 O-O-O 11.
Be3 Bd6 12. Bf4 Bc6 13. Rd2 Ne7 14. Rad1 Bxf4 15. Nxf4 Bd7 16. f3 Nc6 17. Nh5 Rhg8 18. Nd5 Be6 19. Kf2 b6 20. a3 Bxd5 21. Rxd5 Nd4 22. Rxd8+ Rxd8 23. Nxg7 Nxc2 24. Rxd8+ Kxd8 25. Ne6+ Kd7 26. Nf8+ Ke7 27. Nxh7 Kf7 28. e5 fxe5 29. g4 Nd4 30. Ng5+ Kg6 31. h4 Nb5 32. Ke3 Nd6 33. Ne4 Nc4+ 34. Ke2 Nxb2 35. h5+ Kh6 36. Nf6 Nc4 37.
Nd5 c6 38. Ne7 Nxa3 39. Nxc6 Nc4 40. Kd3 Nb2+ 41. Kc3 Nd1+ 42. Kd2 Nb2 43. Nxe5 b5 44. f4 Na4 45. Nf7+ Kg7 46. Nd6 Nb6 47. g5 Nd5 48.
f5 Nf4 49. h6+ Kh7 50. Nf7 a5 51. Ke3 Nd5+ 52. Ke4 Nc3+ 53. Kd3 Nd5 54. g6+ Kg8 55.
h7+ 1-0

[Event "*** SCC Grand Prix: Titled Tuesday Blitz"]
[Site "Chess.com"]
[Date "2020.06.09"]
[Round "2"]
[White "tamarozi99"]
[Black "MYMChessAcademy"]
[Result "1-0"]
[WhiteElo "2044"]
[BlackElo "2382"]
[TimeControl "180+1"]
[EndTime "9:17:28 PDT"]
[Termination "tamarozi99 won by resignation"]

1. e4 c5 2. Nf3 d6 3. Bb5+ Bd7 4.
Bxd7+ Qxd7 5. O-O Nc6 6. c3 Nf6 7. Re1 e6 8. d4 cxd4 9. cxd4 d5 10. e5 Ng8 11. a3 Nge7 12. b4 Nc8 13. Nbd2 Nb6 14. Nb3 O-O-O 15. b5 Ne7 16. Nc5 Qe8 17. a4 Nf5 18. Qb3 Kb8 19. Bb2 Nc4 20. Bc3 Rc8 21.
Na6+ Ka8 22. Nb4 Be7 23. Qb1 Nxe5 24. Nxe5 Rxc3 25. Nxd5 Rc8 26. Nb6+ Kb8 27. Ned7+ Kc7 28. Qc1+ Kd6 29. Qf4+ 1-0

[Event "*** SCC Grand Prix: Titled Tuesday Blitz"]
[Site "Chess.com"]
[Date "2020.06.09"]
[Round "2"]
[White "Nafania1"]
[Black "j_coca"]
[Result "0-1"]
[WhiteElo "2417"]
[BlackElo "2194"]
[TimeControl "180+1"]
[EndTime "9:17:29 PDT"]
[Termination "j_coca won on time"]

1. e4 g6 2. d4 Bg7 3. Nf3 d6 4. c3 Nc6 5. Bd3 e5 6. O-O Bg4 7. d5 Nce7 8. h3 Bd7 9. c4 Nh6 10.
Nc3 O-O 11. b4 f5 12. Ng5 f4 13. Be2 Rf6 14. c5 Nf7 15. Ne6 Bxe6 16. dxe6 Rxe6 17. Bc4 Rf6 18. Ba3 Kh8 19. Rc1 f3 20. Bxf7 Rxf7 21. cxd6 cxd6 22. g3 Nc6 23. Nb5 Bf8 24.
Qd5 Kg7 25. Rfd1 Rf6 26. Rc4 a6 27. Nc3 Nd4 28. Rdxd4 exd4 29. Qxd4 Kg8 30. Nd5 Rf7 0-1

[Event "*** SCC Grand Prix: Titled Tuesday Blitz"]
[Site "Chess.com"]
[Date "2020.06.09"]
[Round "2"]
[White "SoltaniciR"]
[Black "GOGIEFF"]
[Result "0-1"]
[WhiteElo "2496"]
[BlackElo "2897"]
[TimeControl "180+1"]
[EndTime "9:17:30 PDT"]
[Termination "GOGIEFF won on time"]

1. e4 c5 2. Nf3 Nc6 3. d4 cxd4 4. Nxd4 Qb6 5. Nb3 Nf6 6. Nc3 e6 7. Qe2 Qc7 8. g4 Bb4 9. Bd2 Bxc3 10. Bxc3 Qf4 11.
f3 O-O 12. Bd2 Qc7 13. g5 Nh5 14. O-O-O d5 15. Kb1 a5 16. a3 a4 17. Nc1 Nd4 18. Qd3 e5 19. c3 dxe4 20. fxe4 Ne6 21. Qc4 Nc5 22. Nd3 b6 23. Nxc5 bxc5 24. Be3 Ra5 25. Rd5 Be6 26. Be2 Nf4 27. Rhd1 Bxd5 28.
exd5 Nxe2 29. Qxe2 Qd6 30. c4 Rb8 31. Ka2 Ra7 32. Bd2 Re7 33. Bc3 e4 0-1

[Event "*** SCC Grand Prix: Titled Tuesday Blitz"]
[Site "Chess.com"]
[Date "2020.06.09"]
[Round "2"]
[White "gmmoranda"]
[Black "Belka1989"]
[Result "1-0"]
[WhiteElo "2719"]
[BlackElo "2452"]
[TimeControl "180+1"]
[EndTime "9:17:31 PDT"]
[Termination "gmmoranda won by resignation"]

1. d4 Nf6 2. c4 e5 3. dxe5 Ng4 4. Bf4 Bb4+ 5. Nd2 Nc6 6. Nf3 Qe7 7. e3 Ngxe5 8.
Nxe5 Nxe5 9. Be2 d6 10. O-O Bd7 11. a3 Bxd2 12. Qxd2 b6 13. b4 Bc6 14. c5 dxc5 15.
bxc5 O-O 16. cxb6 cxb6 17. Qb4 Qe6 18. Rac1 Rac8 19. Bg3 Rfd8 20. Ba6 Nd3 21. Bxc8 Rxc8 22. Rxc6 Qxc6 23. Qg4 Nc5 24. Rd1 Re8 25. h3 h6 26.
Rd6 Qe4 27. Qd1 Qc4 28. Rd4 Qb3 29. Qxb3 Nxb3 30. Rd7 Ra8 31. Bd6 Na5 32. Rc7 a6 33.
Bb4 Nb3 34. f3 a5 35. Bc3 Rb8 36. e4 a4 37. e5 b5 38. e6 fxe6 39. Rxg7+ Kf8 40.
Rh7 Rc8 41. Rh8+ 1-0

[Event "*** SCC Grand Prix: Titled Tuesday Blitz"]
[Site "Chess.com"]
[Date "2020.06.09"]
[Round "2"]
[White "CrazyMartian"]
[Black "crywolf1986"]
[Result "1-0"]
[WhiteElo "2292"]
[BlackElo "2457"]
[TimeControl "180+1"]
[EndTime "9:17:32 PDT"]
[Termination "CrazyMartian won by resignation"]

1. d4 d5 2. Bf4 e6 3. e3 Bd6 4.
Bg3 f5 5. c4 c6 6. Bxd6 Qxd6 7.
Nc3 Nf6 8. Nf3 Nbd7 9. g3 O-O 10. Rc1 Kh8 11. b3 Ne4 12. Bg2 Qb4 13. Qd3 b6 14. O-O Ba6 15. Ne2 Rac8 16. Nf4 Qe7 17. Rfd1 g5 18.
Ne2 g4 19. Ne5 Nxe5 20. dxe5 Rfd8 21. Qc2 Ng5 22. Nf4 Nf3+ 23. Bxf3 gxf3 24. Rd2 dxc4 25. Rcd1 Rxd2 26. Qxd2 cxb3 27. axb3 c5 28. Qa2 Rd8 29. Rxd8+ Qxd8 30. Qxa6 Qd1+ 31. Qf1 Qxb3 32. h4 c4 33. Qa1 a5 34. Qd4 c3 35. Qd8+ Kg7 36. Qf6+ Kg8 37. Nxe6 Qd1+ 38. Kh2 1-0

[Event "*** SCC Grand Prix: Titled Tuesday Blitz"]
[Site "Chess.com"]
[Date "2020.06.09"]
[Round "2"]
[White "AliKa2810"]
[Black "Radzio1987"]
[Result "0-1"]
[WhiteElo "2583"]
[BlackElo "2907"]
[TimeControl "180+1"]
[EndTime "9:17:33 PDT"]
[Termination "Radzio1987 won by resignation"]

1. d4 e6 2. e4 g6 3. Bd3 Bg7 4. Nf3 b6 5. O-O Bb7 6. Re1 Ne7 7. Nbd2 d5 8. exd5 Nxd5 9. Ne4 h6 10. a3 Nd7 11. c4 Ne7 12. Bf4 O-O 13. Qd2 Nf5 14.
Rad1 g5 15. Be5 Nxe5 16. dxe5 g4 17. Nf6+ Bxf6 18. Bxf5 Qxd2 19. Nxd2 exf5 20. exf6 Rad8 21. Nb1 Kh7 22. Nc3 Kg6 23. Rxd8 Rxd8 24. Re7 Rd2 25. Rxc7 Rc2 26. h4 g3 27. Rxb7 Rc1+ 0-1

[Event "*** SCC Grand Prix: Titled Tuesday Blitz"]
[Site "Chess.com"]
[Date "2020.06.09"]
[Round "2"]
[White "DrKozerov"]
[Black "FranciscodelaF"]
[Result "1-0"]
[WhiteElo "2594"]
[BlackElo "2324"]
[TimeControl "180+1"]
[EndTime "9:17:33 PDT"]
[Termination "DrKozerov won by checkmate"]

1. d4 d5 2. c4 e6 3. Nc3 Bb4 4. a3 Bxc3+ 5. bxc3 Nf6 6. e3 c5 7. cxd5 exd5 8. Bd3 O-O 9. Ne2 b6 10. O-O Ba6 11.
Bxa6 Nxa6 12. Qd3 c4 13. Qc2 b5 14. f3 Re8 15. Ng3 Nb8 16. Bd2 Nc6 17. Rae1 Qd6 18. e4 Qxa3 19. e5 Nd7 20. Nf5 Qa5 21. Nd6 Re7 22. f4 Qb6 23. Kh1 b4 24. Rb1 b3 25.
Qd1 a5 26. Qf3 a4 27. Qxd5 a3 28. Nxc4 Qb8 29. Qxc6 a2 30. Ra1 Nf8 31. Nb2 Rc7 32. Qe4 Qa7 33. f5 Re8 34. f6 gxf6 35. Rxf6 Ng6 36. h4 Qa3 37. e6 Qxb2 38. exf7+ Rxf7 39. Qxe8+ Rf8 40. Rxf8+ Nxf8 41. Rf1 a1=Q 42. Qxf8# 1-0

[Event "*** SCC Grand Prix: Titled Tuesday Blitz"]
[Site "Chess.com"]
[Date "2020.06.09"]
[Round "2"]
[White "vugarrasulov"]
[Black "Kolle05"]
[Result "1-0"]
[WhiteElo "2793"]
[BlackElo "2372"]
[TimeControl "180+1"]
[EndTime "9:17:35 PDT"]
[Termination "vugarrasulov won by resignation"]

1. e4 c5 2. Nf3 d6 3. d4 cxd4 4. Nxd4 Nf6 5. Nc3 a6 6. Bg5 e6 7. f4 h6 8. Bh4 Qb6 9. a3 Be7 10. Bf2 Qc7 11. Qf3 Nbd7 12. O-O-O b5 13. Bd3 Bb7 14.
Rhe1 O-O-O 15. Kb1 Kb8 16. Qg3 g5 17. f5 e5 18. Nb3 Nc5 19. Qf3 Na4 20. Nxa4 bxa4 21. Nd2 d5 22. exd5 Bxd5 23. Ne4 Qb7 24. Bg3 Ka8 25.
Bxe5 Rhe8 26. Qe2 Bxe4 27. Bxe4 Rxd1+ 28. Rxd1 Nxe4 29. Rd7 Qb5 30. Qxe4+ 1-0

[Event "*** SCC Grand Prix: Titled Tuesday Blitz"]
[Site "Chess.com"]
[Date "2020.06.09"]
[Round "2"]
[White "rugbyclub"]
[Black "Meri-Arabidze"]
[Result "0-1"]
[WhiteElo "2119"]
[BlackElo "2648"]
[TimeControl "180+1"]
[EndTime "9:17:36 PDT"]
[Termination "Meri-Arabidze won by resignation"]

1. c4 e6 2. Nc3 d5 3. d4 Nf6 4. cxd5 exd5 5. Bg5 Nbd7 6. e3 Be7 7. Bd3 c6 8. Qc2 Nh5 9. Bxe7 Qxe7 10. Nge2 g6 11. h3 Nb6 12. O-O-O Be6 13. Kb1 O-O-O 14. Rhe1 Kb8 15.
f3 Rhe8 16. e4 dxe4 17. fxe4 Bc4 18. g4 Ng7 19. b3 Bxd3 20. Qxd3 Ne6 21. d5 Nc5 22.
Qg3+ Qd6 23. Qxd6+ Rxd6 24. dxc6 Rxc6 25. Nd4 Rcc8 26.
Ndb5 Re7 27. Kb2 a6 28. Nd6 Rd8 29. e5 Ne6 30. a4 Red7 31. a5 Nc8 32. Nxc8 Kxc8 33.
Rxd7 Rxd7 34. Re3 Rd2+ 35. Ka3 Nd4 36. Ne4 Nc2+ 37. Ka4 Rd4+ 0-1

[Event "*** SCC Grand Prix: Titled Tuesday Blitz"]
[Site "Chess.com"]
[Date "2020.06.09"]
[Round "2"]
[White "zajka-molotok"]
[Black "jefferyx"]
[Result "0-1"]
[WhiteElo "2376"]
[BlackElo "2916"]
[TimeControl "180+1"]
[EndTime "9:17:36 PDT"]
[Termination "jefferyx won by resignation"]

1. e4 c5 2. Nc3 e6 3. f4 a6 4. a4 b6 5. Nf3 Bb7 6. Be2 Nf6 7. d3 d6 8. O-O Be7 9. Be3 d5 10. e5 d4 11. exf6 Bxf6 12. Bd2 dxc3 13. Bxc3 Nc6 14. Ne5 Nd4 15. Qd2 O-O 16. Bf3 Bxf3 17. Nxf3 Qd5 18. Rae1 Rfd8 19. Ne5 b5 20. b3 Rac8 21. Kh1 bxa4 22.
bxa4 Qa2 23. Bxd4 cxd4 24. Nc4 Qxa4 25. Ra1 Qc6 26. Ra5 Rd5 27. Ra2 h5 28. Rfa1 Ra8 29. h3 h4 30. Qf2 Rb5 31. Kh2 Rc5 32. Qe2 Qc7 33. Qe4 Rd8 34. Rxa6 Rf5 35. Rf1 Bg5 36. Kh1 Rxf4 37. Rxf4 Bxf4 38. Ra8 Bg3 39. Rxd8+ Qxd8 40. Kg1 Qg5 41. Kf1 Qc1+ 42. Ke2 Qe1+ 43. Kf3 Qf2+ 44.
Kg4 f5+ 0-1

[Event "*** SCC Grand Prix: Titled Tuesday Blitz"]
[Site "Chess.com"]
[Date "2020.06.09"]
[Round "2"]
[White "GoValya"]
[Black "OhanyanEminChess"]
[Result "0-1"]
[WhiteElo "2177"]
[BlackElo "2433"]
[TimeControl "180+1"]
[EndTime "9:17:36 PDT"]
[Termination "OhanyanEminChess won by resignation"]

1. d4 Nf6 2. c4 c5 3. d5 b5 4.
g3 d6 5. Bg2 g6 6. e4 Bg7 7.
Ne2 O-O 8. O-O b4 9. f4 a5 10. Be3 a4 11. h3 a3 12. b3 Nxe4 13. Bxe4 Bxa1 14. f5 Nd7 15. Nd2 Bg7 16. Nf3 Ne5 17. Nxe5 Bxe5 18. Bh6 Bg7 19. Bxg7 Kxg7 20. Qa1+ Kg8 21.
Kg2 Bd7 22. h4 Qc8 23. g4 gxf5 24. Bxf5 Bxf5 25. Rxf5 f6 26. Nf4 Rf7 27. Ne6 Kh8 28. g5 Qg8 29. Kh2 Qg6 30. Qf1 Rg8 31. Qf3 fxg5 32.
Rxf7 g4 33. Qf4 g3+ 34. Kg2 Qc2+ 35. Kg1 Qh2+ 36. Kf1 g2+ 37. Ke2 g1=Q+ 38. Qxh2 Qxh2+ 0-1

[Event "*** SCC Grand Prix: Titled Tuesday Blitz"]
[Site "Chess.com"]
[Date "2020.06.09"]
[Round "2"]
[White "kleinebeer98"]
[Black "WinstonSilvakov"]
[Result "1-0"]
[WhiteElo "2648"]
[BlackElo "2092"]
[TimeControl "180+1"]
[EndTime "9:17:40 PDT"]
[Termination "kleinebeer98 won by resignation"]

1. e4 Nf6 2. Nc3 d5 3. exd5 Nxd5 4. g3 Nxc3 5. bxc3 e5 6. Bg2 Bc5 7. Ne2 O-O 8. O-O Nc6 9. Rb1 Bb6 10. a4 a5 11. d3 Bg4 12. h3 Bh5 13. Kh2 Qd7 14. Rb5 Bg6 15. Be3 Bxe3 16. fxe3 b6 17. g4 Rae8 18. Ng3 Na7 19. Rd5 Qxa4 20. Nf5 f6 21. d4 Bf7 22. dxe5 Bxd5 23. Qxd5+ Kh8 24. exf6 Rxf6 25.
g5 Rfe6 26. Nd4 Rxe3 27. g6 h6 28. Qf7 R3e7 29. Qf8+ 1-0

[Event "*** SCC Grand Prix: Titled Tuesday Blitz"]
[Site "Chess.com"]
[Date "2020.06.09"]
[Round "2"]
[White "KejJaj"]
[Black "Vesper2018"]
[Result "0-1"]
[WhiteElo "2006"]
[BlackElo "2401"]
[TimeControl "180+1"]
[EndTime "9:17:40 PDT"]
[Termination "Vesper2018 won by checkmate"]

1. d4 Nf6 2. Bf4 g6 3. Nc3 d5 4.
e3 Bg7 5. h4 h5 6. Nf3 O-O 7.
Ne5 c5 8. dxc5 Qa5 9. Qd2 Qxc5 10. Be2 Nc6 11. O-O-O Be6 12. g4 hxg4 13. h5 gxh5 14.
f3 Rad8 15. Nxc6 bxc6 16. fxg4 Qb6 17. gxh5 Ne4 18. Qe1 Rb8 19. Na4 Bxb2+ 20. Kb1 Qb7 21. Rg1+ Kh7 22. Rd3 Bc3+ 23. Kc1 Qb1# 0-1

[Event "*** SCC Grand Prix: Titled Tuesday Blitz"]
[Site "Chess.com"]
[Date "2020.06.09"]
[Round "2"]
[White "Gloomy_Wanderer"]
[Black "margarita_2703"]
[Result "1-0"]
[WhiteElo "2788"]
[BlackElo "2464"]
[TimeControl "180+1"]
[EndTime "9:17:41 PDT"]
[Termination "Gloomy_Wanderer won by resignation"]

1. d4 Nf6 2. Nf3 d5 3. c4 e6 4.
g3 b6 5. cxd5 exd5 6. Bg2 Bb7 7.
O-O Be7 8. Nc3 O-O 9. Bf4 c5 10.
dxc5 bxc5 11. Rc1 d4 12. Na4 Nbd7 13. b4 cxb4 14. Nxd4 Bxg2 15. Kxg2 Nb6 16. Nxb6 Qxb6 17. Nf5 Bc5 18. Qb3 a5 19. Qf3 Rac8 20. Be5 Rfe8 21. Bb2 Qe6 22. e3 Bf8 23. Rfd1 Ne4 24. Rxc8 Rxc8 25. Bxg7 Bxg7 26. Qg4 Qe5 27. Nh6+ 1-0

[Event "*** SCC Grand Prix: Titled Tuesday Blitz"]
[Site "Chess.com"]
[Date "2020.06.09"]
[Round "2"]
[White "Orest_Vovk"]
[Black "NewBornNow"]
[Result "0-1"]
[WhiteElo "2449"]
[BlackElo "2707"]
[TimeControl "180+1"]
[EndTime "9:17:43 PDT"]
[Termination "NewBornNow won on time"]

1. h4 e5 2. h5 d5 3. h6 Nxh6 4. d4 e4 5. Bxh6 gxh6 6. e3 c6 7. c4 Qb6 8. Qb3 Be6 9. Nc3 Nd7 10. cxd5 Qxb3 11. axb3 cxd5 12. Bb5 a6 13. Rh5 O-O-O 14. Bxd7+ Rxd7 15. Nge2 Rg8 16. Nf4 Rg5 17. Kd2 Bd6 18.
Ncxd5 Rxh5 19. Nb6+ Kc7 20. Nxd7 Bxf4 21. Nf6 Rf5 22. Rc1+ Kd8 23. Nxe4 Bc7 24. Rh1 Bd5 25.
f3 Bxe4 26. fxe4 Rf2+ 27. Kd3 Rxb2 28. Rxh6 Rxb3+ 29. Ke2 a5 30. Rxh7 a4 31. Rxf7 a3 32. Rf8+ Ke7 33. Ra8 b5 34. Ra7 Kd8 35. e5 Rb2+ 36.
Kd3 Bb6 37. Ra8+ Kc7 38. Rxa3 Rxg2 39. d5 Rg4 40. Rb3 b4 41. e4 Bc5 42. d6+ Kc6 0-1